 Dungeon Sprint DCSS version 0.18-a0-29-gce27f3c (console) character file.

14293 Kellhus the Unseen (level 12, 0/73 HPs)
             Began as a Vine Stalker Assassin on Nov 4, 2015.
             Was the Champion of Makhleb.
             Slain by a stone giant (8 damage)
             ... in the Dungeon (Sprint IX: "|||||||||||||||||||||||||||||").
             The game lasted 00:10:02 (2755 turns).

Kellhus the Unseen (Vine Stalker Assassin)          Turns: 2755, Time: 00:10:02

Health: 0/73       AC: 17    Str: 13    XL:     12   Next: 15%
Magic:  0/13       EV: 15    Int: 14    God:    Makhleb [******]
Gold:   1411       SH:  0    Dex: 22    Spells: 0 memorised, 11 levels left

rFire  . . .     SeeInvis .     a - +4 rapier (vamp)
rCold  . . .     Clarity  .     w - +1 chain mail
rNeg   . . .     SustAt   .     (no shield)
rPois  .         Gourm    .     r - +0 helmet
rElec  .         Spirit   +     d - +0 cloak
rCorr  .         Warding  .     H - +0 pair of gloves
rMut   .         NoTele   +     I - +0 pair of boots
MR     +....                    (no amulet)
Stlth  ++++......               u - +3 ring of intelligence
                                v - +2 ring of evasion

@: somewhat resistant to hostile enchantments, stealthy
A: fangs 3, regeneration 3, magic shield, antimagic bite, no device heal 3, rot
immunity
a: Minor Destruction, Lesser Servant of Makhleb, Major Destruction, Greater
Servant of Makhleb, Renounce Religion


You were in the Dungeon.
You worshipped Makhleb.
Makhleb was exalted by your worship.
You were not hungry.

You visited 1 branch You collected 1411 gold pieces.

Inventory:

Hand Weapons
 a - a +4 vampiric rapier (weapon)
 b - a +0 blowgun
 s - a +2 dagger
Missiles
 e - 30 poisoned needles
 f - 2 curare-tipped needles
 x - 2 throwing nets (quivered)
 z - 6 needles of sleeping
Armour
 c - a +0 robe
 d - a +0 cloak (worn)
 r - a +0 helmet (worn)
 t - a +0 cloak
 w - a +1 chain mail (worn)
 H - a +0 pair of gloves (worn)
 I - a +0 pair of boots (worn)
Jewellery
 u - a +3 ring of intelligence (right hand)
 v - a +2 ring of evasion (left hand)
Wands
 q - a wand of draining (0)
 y - a wand of cold (0)
Scrolls
 m - a scroll of blinking
 o - 3 scrolls of remove curse
 p - 2 scrolls of amnesia
 A - 3 scrolls of fear
 C - a scroll of identify
Potions
 h - 5 potions of curing
 i - a potion of heal wounds
 k - 4 potions of magic
Comestibles
 E - 40 fruits
 F - 11 bread rations
 G - 12 meat rations
 J - 13 chunks of flesh


   Skills:
 + Level 13.0 Fighting
 - Level 14.0 Short Blades
 - Level 1.7 Throwing
 + Level 7.7 Armour
 + Level 12.0 Dodging
 + Level 17.8 Stealth


You had 11 spell levels left.
You didn't know any spells.

Dungeon Overview and Level Annotations

Branches:
Dungeon (1/1)

Altars:
Cheibriados
Dithmenos
Elyvilon
Fedhas
Gozag
Kikubaaqudgha
Makhleb
Nemelex Xobeh
Okawaru
Qazlal
Ru
Sif Muna
Trog
Vehumet
Xom
Yredelemnul
Zin
The Shining One
Beogh
Jiyva
Lugonu

Shops:
D [**(


Innate Abilities, Weirdness & Mutations

You have razor-sharp teeth.
You regenerate.
When hurt, damage is shared between your health and your magic reserves.
Your bite disrupts and absorbs the magic of your enemies.
Potions and wands cannot restore your health.
You are immune to rotting.


Message History

Found 50 gold pieces.
There is an entrance to Zifygi's Assorted Antiques here.
You see here a large rock.
An ettin comes into view.
It is wielding a great mace and a dire flail.
The ettin shouts in stereo!
The stone giant throws a large rock.
The large rock hits you!!
Found 50 gold pieces.
You see here a large rock.
A troll comes into view.
The stone giant throws a large rock.
The large rock closely misses you.
Found 50 gold pieces.
There is an entrance to Petu's Assorted Antiques here.
The stone giant hits you!!
* * * LOW HITPOINT WARNING * * *
Drink which item? (? for menu, Esc to quit)
Okay, then.
You completely miss the stone giant.
The troll shouts!
Your bite misses the stone giant. The stone giant hits you!
You die...

▓▓▓▓▓▓▓▓▓▓▓▓▓▓▓▓▓▓▓▓▓▓▓▓
)))..'$.$$(∩$∩(∩@CCTTCT+
▓▓▓▓▓▓▓▓▓▓▓▓▓▓▓▓▓▓▓▓▓▓▓▓▓▓▓▓▓▓▓▓▓
[................................
▓▓▓▓▓▓▓▓▓▓▓▓▓▓▓▓▓▓▓▓▓▓▓▓▓▓▓▓▓▓▓▓)
......'..........[['....[[..'....
▓▓▓▓▓▓▓▓▓▓▓▓▓▓▓▓▓▓▓▓▓▓▓▓▓▓▓▓▓▓▓▓▓
.......................T........§
▓▓▓▓▓▓▓▓▓▓▓▓▓▓▓▓▓▓▓▓▓▓▓▓▓▓▓▓▓▓▓▓.
____'!.|).....').....'.)..))'....


You could see a stone giant, an ettin, a hill giant, a deep troll and 2 trolls.

Vanquished Creatures
  Gastronok (D)
  2 ogre magi (D)
  A centaur warrior (D)
  A catoblepas (D)
  Erica (D)
  2 deep trolls (D)
  3 hill giants (D)
  2 orc knights (D)
  An orc sorcerer (D)
  A black mamba (D)
  4 spiny frogs (D)
  A komodo dragon (D)
  A blink frog (D)
  A giant leech (D)
  A wyvern (D)
  A yak (D)
  3 vampire mosquitoes (D)
  A basilisk (D)
  6 water moccasins (D)
  11 orc warriors (D)
  A wolf (D)
  A necrophage (D)
  2 crocodiles (D)
  An ice beast (D)
  4 centaurs (D)
  2 giant frogs (D)
  A quasit (D)
  A hound (D)
  A jelly (D)
  A gnoll shaman (D)
  2 orc priests (D)
  2 orc wizards (D)
  2 sheep (D)
  An ooze (D)
  9 orcs (D)
  A bat skeleton (D)
  A giant cockroach (D)
  A goblin (D)
  A giant newt (D)
  A kobold (D)
81 creatures vanquished.

Notes
Turn   | Place    | Note
--------------------------------------------------------------
     0 | D        | Kellhus the Vine Stalker Assassin began the quest for the Orb.
     0 | D        | Reached XP level 1. HP: 11/11 MP: 2/2
     9 | D        | Reached skill level 1 in Dodging
     9 | D        | Reached skill level 5 in Stealth
    13 | D        | Reached XP level 2. HP: 8/15 MP: 3/3
    41 | D        | Noticed a centaur
    41 | D        | Noticed a centaur
    41 | D        | Noticed a centaur
    45 | D        | Killed a centaur
    45 | D        | Reached skill level 5 in Short Blades
    45 | D        | Reached skill level 6 in Stealth
    45 | D        | Reached XP level 3. HP: 12/21 MP: 4/4
    45 | D        | Reached XP level 4. HP: 14/25 MP: 5/5
    48 | D        | Killed a centaur
    48 | D        | Reached skill level 7 in Stealth
    48 | D        | Reached XP level 5. HP: 3/30 MP: 3/6
    50 | D        | HP: 2/45 [centaur (1)]
    53 | D        | Killed a centaur
    53 | D        | Reached skill level 5 in Fighting
    53 | D        | Reached skill level 8 in Stealth
    53 | D        | Gained mutation: You heal very quickly. [Vine Stalker growth]
    53 | D        | Reached XP level 6. HP: 3/35 MP: 7/7
    55 | D        | HP: 2/52 [orc/mace (2)]
   119 | D        | Found a glowing silver altar of Zin.
   119 | D        | Found a glowing golden altar of the Shining One.
   119 | D        | Found an ancient bone altar of Kikubaaqudgha.
   119 | D        | Found a basalt altar of Yredelemnul.
   119 | D        | Found a shimmering altar of Xom.
   119 | D        | Found a radiant altar of Vehumet.
   120 | D        | Found an iron altar of Okawaru.
   121 | D        | Found a burning altar of Makhleb.
   122 | D        | Found a deep blue altar of Sif Muna.
   123 | D        | Found a bloodstained altar of Trog.
   124 | D        | Found a sparkling altar of Nemelex Xobeh.
   125 | D        | Found a white marble altar of Elyvilon.
   126 | D        | Found a roughly hewn altar of Beogh.
   127 | D        | Found a viscous altar of Jiyva.
   128 | D        | Found a corrupted altar of Lugonu.
   129 | D        | Became a worshipper of Makhleb the Destroyer
   130 | D        | Found a blossoming altar of Fedhas.
   131 | D        | Found a snail-covered altar of Cheibriados.
   132 | D        | Found a shadowy altar of Dithmenos.
   133 | D        | Found a stormy altar of Qazlal.
   134 | D        | Found an opulent altar of Gozag.
   135 | D        | Found a sacrificial altar of Ru.
   197 | D        | Noticed a wyvern
   197 | D        | Noticed a water moccasin
   209 | D        | Reached skill level 5 in Dodging
   209 | D        | Reached skill level 9 in Stealth
   218 | D        | Reached * piety under Makhleb
   218 | D        | Reached XP level 7. HP: 30/40 MP: 8/8
   230 | D        | Killed a wyvern
   230 | D        | Reached skill level 10 in Stealth
   250 | D        | Reached ** piety under Makhleb
   345 | D        | Noticed a centaur warrior
   345 | D        | Noticed a hill giant
   349 | D        | Killed a centaur warrior
   349 | D        | Reached *** piety under Makhleb
   349 | D        | Reached skill level 11 in Short Blades
   349 | D        | Gained mutation: You have razor-sharp teeth. [Vine Stalker growth]
   349 | D        | Reached XP level 8. HP: 45/47 MP: 9/9
   358 | D        | Reached **** piety under Makhleb
   358 | D        | Reached skill level 12 in Stealth
   360 | D        | Killed a hill giant
   360 | D        | Reached XP level 9. HP: 50/52 MP: 10/10
   576 | D        | Noticed a komodo dragon
   581 | D        | Killed a komodo dragon
   586 | D        | Reached skill level 13 in Stealth
   592 | D        | Reached ***** piety under Makhleb
   627 | D        | Noticed a spiny frog
   627 | D        | Noticed a catoblepas
   627 | D        | Noticed a black mamba
   631 | D        | Reached ****** piety under Makhleb
   631 | D        | Reached XP level 10. HP: 56/58 MP: 9/11
   670 | D        | Killed a catoblepas
   670 | D        | Reached skill level 10 in Fighting
   670 | D        | Reached skill level 14 in Stealth
   677 | D        | Killed a black mamba
   853 | D        | Reached skill level 1 in Armour
   888 | D        | Reached skill level 15 in Stealth
   893 | D        | Reached skill level 10 in Dodging
   904 | D        | Reached XP level 11. HP: 65/65 MP: 12/12
  1002 | D        | Noticed Gastronok
  1020 | D        | Killed Gastronok
  1135 | D        | Noticed Erica
  1150 | D        | Killed Erica
  1150 | D        | Reached skill level 5 in Armour
  1150 | D        | Reached skill level 16 in Stealth
  1308 | D        | Noticed an orc knight
  1327 | D        | Noticed an orc knight
  1391 | D        | Killed an orc knight
  1418 | D        | Killed an orc knight
  1617 | D        | Found Nus Ogru's Armour Emporium.
  1617 | D        | Noticed an iron troll
  1617 | D        | Noticed an ogre mage
  1617 | D        | Noticed a deep troll
  1617 | D        | Noticed a deep troll
  1617 | D        | Noticed a stone giant
  1618 | D        | Noticed a hill giant
  1619 | D        | Noticed a hill giant
  1866 | D        | Killed an ogre mage
  1866 | D        | Reached skill level 17 in Stealth
  2484 | D        | Killed a deep troll
  2543 | D        | Killed a deep troll
  2586 | D        | Killed a hill giant
  2586 | D        | Gained mutation: You regenerate. [Vine Stalker growth]
  2586 | D        | Reached XP level 12. HP: 72/72 MP: 13/13
  2715 | D        | Noticed an ogre mage
  2728 | D        | Killed an ogre mage
  2744 | D        | Found Zifygi's Assorted Antiques.
  2746 | D        | Found Petu's Assorted Antiques.
  2748 | D        | Found Viaca's Antique Weapon Shoppe.
  2752 | D        | Noticed an ettin
  2755 | D        | Slain by a stone giant

Vault maps used:
D:        linesprint

Action                   |  1- 3 |  4- 6 |  7- 9 | 10-12 || total
-------------------------+-------+-------+-------+-------++-------
Melee: Dagger            |    13 |     8 |       |       ||    21
       Rapier            |       |    19 |    79 |   477 ||   575
Evoke: Wand              |       |       |     6 |     3 ||     9
  Use: Potion            |     1 |       |     1 |     3 ||     5
       Scroll            |       |       |     2 |     1 ||     3
 Stab: Sleeping          |       |       |     6 |     2 ||     8
       Invisible         |       |       |     1 |       ||     1
       Distracted        |       |       |       |     2 ||     2
  Eat: Bread ration      |       |     1 |       |     1 ||     2
       Chunk             |       |       |       |     5 ||     5
